 Dungeon Crawl Stone Soup version 0.30-a0-365-ge7f957f1db (webtiles) character file.

Game seed: 13082182505870536832

95 Redcow54321 the Trooper (level 5, 0/47 HPs)
             Began as a Meteoran Fighter on Nov 17, 2022.
             Killed by nerve-wracking pain
             ... invoked by an orc priest
              (8 damage)
             ... on level 3 of the Dungeon.
             The game lasted 00:04:27 (1256 turns).

Redcow54321 the Trooper (Meteoran Fighter)          Turns: 1256, Time: 00:04:28

Health: 0/47       AC:  3    Str: 19    XL:     5   Next: 18%
Magic:  15/15      EV: 10    Int: 14    God:
Gold:   96         SH:  5    Dex: 13    Spells: 4/4 levels left

rFire   . . .      SeeInvis .      - Unarmed
rCold   . . .      Faith    .    b - +0 buckler
rNeg    . . .      Spirit   .    o - +0 leather armour of Genniv {Rampage rElec Int+4}
rPois   .          Reflect  .    (no helmet)
rElec   +          Harm     .    (no cloak)
rCorr   .          Rampage  +    (no gloves)
Will    .....                    (no boots)
Stlth   +.........               f - amulet of magic regeneration
HPRegen 0.27/turn                i - ring of magical power
MPRegen 0.54/turn                (no ring)

@: mighty, glowing
A: sense surroundings 1, otherworldly, glowing, explore regen
a: no special abilities


You were on level 3 of the Dungeon.
You visited 1 branch of the dungeon, and saw 3 of its levels.

You collected 96 gold pieces.

Inventory:

Armour
 a - a +0 scale mail
 b - a +0 buckler (worn)
 o - the +0 leather armour of Genniv (worn) {Rampage rElec Int+4}
   (You found it on level 2 of the Dungeon)

   Int:       It affects your intelligence (+4).
   rElec:     It insulates you from electricity.
   Rampage:   It bestows one free step when moving towards enemies.
Jewellery
 f - an amulet of magic regeneration (around neck)
 i - a ring of magical power (left hand)
Wands
 h - a wand of digging (7)
Scrolls
 e - 2 scrolls of teleportation {unknown}
 g - a scroll of identify {unknown}
 k - a scroll of brand weapon {unknown}
 n - a scroll of enchant armour {unknown}
 p - a scroll of magic mapping {unknown}
 q - a scroll of noise {unknown}
Potions
 c - 2 potions of might
 d - 2 potions of curing {unknown}
 j - a potion of berserk rage {unknown}
 l - 2 potions of brilliance {unknown}
 m - a potion of lignification {unknown}


   Skills:
 * Level 4.9 Fighting
 - Level 3.6 Armour
 - Level 3.6 Shields
 + Level 4.1 Unarmed Combat


You had 4 spell levels left.
You didn't know any spells.
Your spell library contained the following spells:

 Spells                   Type           Power      Damage    Failure   Level
 Petrify                  Tmut/Erth      0%         N/A       99%         4
 Metabolic Englaciation   Hex/Ice        0%         N/A       100%        5
 Statue Form              Tmut/Erth      0%         N/A       100%        6


Dungeon Overview and Level Annotations

Branches:
Dungeon (3/15) Zot: 546

Altars:


Innate Abilities, Weirdness & Mutations

You passively map a small area around you.
You are easily found by Zot.
You glow in the dark.
You regain HP and MP as you explore.


Message History

The hobgoblin is lightly wounded.
The hobgoblin barely misses you.
You closely miss the hobgoblin.
The hobgoblin is lightly wounded.
The hobgoblin barely misses you.
The orc wizard casts a spell.
The orc wizard flickers and vanishes!
Deactivating autopickup; reactivate with Ctrl-A.
You barely miss the hobgoblin.
The hobgoblin is lightly wounded.
You block the hobgoblin's attack.
An orc priest comes into view. It is wielding a +0 dagger.
The orc priest shouts!
You hit the hobgoblin.
You kill the hobgoblin!
An orc comes into view. It is wielding a +0 flail.
An orc comes into view. It is wielding a +0 club.
You hit the orc but do no damage. The orc hits you with a +0 mace.
The orc hits you with a +0 hand axe.
You barely miss the orc.
An orc comes into view. It is wielding a +0 mace.
You block the orc's attack. The orc hits you with a +0 hand axe.
You barely miss the orc. The orc hits you with a +0 mace!
The orc hits you with a +0 hand axe.
* * * LOW HITPOINT WARNING * * *
You hit the orc.
The orc is heavily wounded.
You block the orc's attack. The orc barely misses you.
You hit the orc.
You kill the orc!
The orc hits you but does no damage.
You feel very mighty all of a sudden. The orc priest misses you.
The orc hits you with a +0 hand axe!
* * * LOW HITPOINT WARNING * * *
The orc barely misses you.
You hit the orc.
The orc is almost dead.
The orc priest invokes the aid of Beogh against you.
Pain shoots through your body!
You die...

,*.# ** , .#
, * ##.## * ,
....#** * . *
###o.( ,
#...#..o.,*
*, #..#.oo#**
* *#.. #@#
##.##)###
#...oo..# *
#####..##.#.#
,
.$.)go......#
, * *
..o..o......#
#
#####..#....#
. **
#..#....# .
#.......#


You could see an orc priest and 5 orcs.

Vanquished Creatures
  Jessica (D:2)
  2 adders
  A dart slug (D:1)
  An orc (D:3)
  3 ball pythons
  4 endoplasms
  5 giant cockroaches
  5 goblins
  5 hobgoblins
  4 jackals (D:2)
  7 kobolds
  A quokka (D:2)
  A bat (D:2)
  A frilled lizard (D:2)
  3 rats
44 creatures vanquished.

Notes
Turn   | Place    | Note
-------+----------+-------------------------------------------
     0 | D:1      | Redcow54321 the Meteoran Fighter began the quest for the
                  | Orb.
     0 | D:1      | Reached XP level 1. HP: 19/19 MP: 2/2
   106 | D:1      | Reached XP level 2. HP: 26/26 MP: 3/3
   484 | D:1      | Reached XP level 3. HP: 33/33 MP: 4/4
   499 | D:1      | Glimpsed the power of Zot.
   538 | D:2      | Noticed Jessica
   556 | D:2      | Killed Jessica
   557 | D:2      | Reached XP level 4. HP: 27/41 MP: 5/5
   804 | D:2      | Identified the +0 leather armour of Genniv {Rampage rElec
                  | Int+4}
  1102 | D:2      | Glimpsed the power of Zot.
  1152 | D:2      | Glimpsed the power of Zot.
  1213 | D:3      | Reached XP level 5. HP: 46/47 MP: 6/6
  1256 | D:3      | Killed from afar by an orc priest

Illustrated notes

Levels and vault maps discovered:
D:1:      dpeg_arrival_orchard, layout_basic, minmay_unequal
D:2:      layout_loops_ring, uniq_jessica
D:3:      layout_loops_ring, minitemple, serial_shops, nicolae_lakefront_shop,
          uniq_natasha, uniq_robin

Skill      XL: |  1  2  3  4 |
---------------+-------------+-----
Fighting       | 4 |  4.9
Unarmed Combat | 3 4 |  4.1
Armour         | |  3.6
Shields        | |  3.6

Action                   |  1- 3 |  4- 6 || total
-------------------------+-------+-------++-------
Melee: Unarmed           |    76 |   121 ||   197
  Use: Potion            |       |     1 ||     1
Armor: Scale mail        |    29 |    50 ||    79
       Leather armour    |       |    17 ||    17
Dodge: Dodged            |    16 |    61 ||    77
Block: Buckler           |    14 |    34 ||    48

Table legend: (Time is in decaauts)
 A = Elapsed time spent in this place.
 B = Non-inter-level travel time spent in this place.
 C = Inter-level travel time spent in this place.
 D = Time resting spent in this place.
 E = Time spent auto-exploring this place.
 F = Levels seen in this place.
 G = Mean time per level.
                   A        B        C        D        E       F      G
               +--------+--------+--------+--------+--------+-----+--------+
         Total |   1252 |   1179 |     73 |      0 |    818 |   3 |  417.3 |
       Dungeon |   1252 |   1179 |     73 |      0 |    818 |   3 |  417.3 |
               +--------+--------+--------+--------+--------+-----+--------+

Top non-repeatable levels by time:
     D:2: 659 daAuts
     D:1: 516 daAuts
     D:3: 76 daAuts
